 Dungeon Crawl Stone Soup version 0.21.1-1-g345015f (webtiles) character file.

288 JeffiDaFish the Ducker (level 6, -2/28 HPs)
             Began as a Spriggan Venom Mage on Feb 5, 2018.
             Killed from afar by an orc wizard (8 damage)
             ... with a puff of flame
             ... on level 4 of the Dungeon.
             The game lasted 00:16:45 (5276 turns).

JeffiDaFish the Ducker (Spriggan Venom Mage)        Turns: 5276, Time: 00:16:46

Health: -2/28      AC:  2    Str:  3 (4)  XL:     6   Next: 9%
Magic:  7/13       EV: 20    Int: 15 (18) God:
Gold:   115        SH:  0    Dex: 14 (17) Spells: 3/13 levels left

rFire    . . .     SeeInvis +   e - +1 hand axe (flame)
rCold    . . .     Gourm    .   (shield restricted)
rNeg     . . .     Faith    .   a - +0 robe
rPois    .         Spirit   .   (helmet restricted)
rElec    .         Reflect  +   (no cloak)
rCorr    .         Harm     .   (gloves unavailable)
MR       +....                  (boots unavailable)
Stlth    +.........             d - +5 amulet of reflection
HPRegen  0.09/turn              (no ring)
MPRegen  0.13/turn              (no ring)

@: confused, very slightly contaminated, very quick
A: very small, unfitting armour, see invisible, herbivore, speed 3, slow
metabolism 2
a: no special abilities


You were on level 4 of the Dungeon.
You were near starving.

You visited 1 branch of the dungeon, and saw 4 of its levels.

You collected 115 gold pieces.

Inventory:

Hand Weapons
 e - a +1 hand axe of flaming (weapon)
 j - a +0 short sword
Armour
 a - a +0 robe (worn)
Jewellery
 d - a +5 amulet of reflection (around neck)
Scrolls
 f - 3 scrolls of identify
 g - 5 scrolls of remove curse
 h - 2 scrolls of magic mapping
Potions
 i - a potion of heal wounds
Books
 b - a Young Poisoner's Handbook

   Spells                             Type                      Level
   a - Sting                          Conjuration/Poison           1
   b - Poisonous Vapours              Poison/Air                   2
   c - Mephitic Cloud                 Conjuration/Poison/Air       3
   d - Olgreb's Toxic Radiance        Poison                       4
   e - Venom Bolt                     Conjuration/Poison           5
Comestibles
 c - 6 rations


   Skills:
 - Level 0.1 Short Blades
 * Level 5.0 Dodging
 + Level 4.5 Stealth
 * Level 4.1 Spellcasting
 + Level 1.3 Conjurations
 + Level 1.5 Air Magic
 + Level 4.2 Poison Magic


You had 3 spell levels left.
You knew the following spells:

 Your Spells              Type           Power        Failure   Level  Hunger
a - Sting                 Conj/Pois      ##..         5%          1    None
b - Poisonous Vapours     Pois/Air       ##....       9%          2    ##.....
c - Mephitic Cloud        Conj/Pois/Air  ##......     21%         3    ###....
d - Olgreb's Toxic Radia  Pois           ###.....     30%         4    ####...


Dungeon Overview and Level Annotations

Branches:
Dungeon (4/15)
 Temple: D:4-7

Altars:
Gozag

Annotations:
D:3 ChromeMolly's ghost, amateur OpFi


Innate Abilities, Weirdness & Mutations

You are very small and have problems with some larger weapons.
You are too small for most types of armour.
You have supernaturally acute eyesight. (SInv)
You are a herbivore.
You cover ground extremely quickly.
You need consume almost no food.


Message History

Found 7 gold pieces.
An orc comes into view. It is wielding an enchanted flail.
Found 4 gold pieces.
You're too confused to move!
The orc barely misses you.
You are engulfed in noxious fumes.
You choke on the stench!
You are more confused.
The orc priest cries.
The orc wizard casts a spell.
The orc wizard blinks!
An orc priest comes into view. It is wielding a dagger.
The orc completely misses you.
The orc throws a tomahawk.
The tomahawk barely misses you.
You see here a tomahawk.
An orc wizard comes into view. It is wielding a dagger.
The orc wizard shouts!
You hear a shout!
The orc priest shouts!
You hear a shout!
The orc wizard seems less confused.
The orc misses you.
The orc wizard points at you and mumbles some strange words.
The puff of flame hits you!
You die...

. .. ...########
### .......... ..#
........# #.#
.o###.oo.######.#
.o.....@.(......#
........o######.#
.......o..§####.###
.......o...§.§....#
...(.....?§.#.#...#
#..##..o.##§#.#...#
#$.#(......o......#
.........#.#####..#
.#....$#. #..#


You could see 2 orc priests, 3 orc wizards and 4 orcs.

Vanquished Creatures
  A gnoll shaman (D:4)
  An orc priest (D:3)
  Jessica (D:3)
  Robin (D:2)
  A howler monkey skeleton (D:3)
  5 adders
  4 gnolls (D:4)
  2 worms
  2 dart slugs
  2 leopard geckos
  7 orcs
  A giant cockroach (D:1)
  19 goblins
  11 hobgoblins
  3 jackals (D:1)
  7 kobolds
  A quokka (D:3)
  A ball python (D:2)
  5 bats
  3 frilled lizards
  6 rats
84 creatures vanquished.

Notes
Turn   | Place    | Note
-------+----------+-------------------------------------------
     0 | D:1      | JeffiDaFish the Spriggan Venom Mage began the quest for the Orb.
     0 | D:1      | Reached XP level 1. HP: 9/9 MP: 5/5
   392 | D:1      | Reached XP level 2. HP: 11/13 MP: 6/6
   550 | D:1      | Learned a level 2 spell: Poisonous Vapours
  1456 | D:2      | Reached XP level 3. HP: 16/16 MP: 2/8
  1709 | D:2      | Learned a level 3 spell: Mephitic Cloud
  1755 | D:2      | Noticed Robin
  2154 | D:2      | Killed Robin
  2154 | D:2      | Reached skill level 1 in Air Magic
  2154 | D:2      | Reached XP level 4. HP: 21/21 MP: 4/9
  2326 | D:2      | Found an opulent altar of Gozag.
  2362 | D:2      | You fall through a shaft!
  2787 | D:2      | Reached skill level 1 in Conjurations
  2824 | D:2      | Reached skill level 4 in Dodging
  3362 | D:3      | Noticed Jessica
  3695 | D:3      | Noticed ChromeMolly's ghost (amateur OpFi)
  3709 | D:2      | Reached XP level 5. HP: 12/24 MP: 1/11
  4250 | D:3      | Killed Jessica
  4875 | D:4      | Learned a level 4 spell: Olgreb's Toxic Radiance
  5025 | D:4      | Reached XP level 6. HP: 16/28 MP: 10/13
  5106 | D:4      | Reached skill level 5 in Dodging
  5276 | D:4      | Killed from afar by an orc wizard

Skill      XL: |  1  2  3  4  5  6 |
---------------+-------------------+-----
Spellcasting   | 3 4 |  4.1
Air Magic      | 1 |  1.5
Conjurations   | 1 |  1.3
Dodging        | 4 5 |  5.0
Poison Magic   | 4 |  4.2
Stealth        | 4 |  4.5
Short Blades   | |  0.1

Action                   |  1- 3 |  4- 6 || total
-------------------------+-------+-------++-------
Melee: Dagger            |    86 |    73 ||   159
       Unarmed           |     7 |       ||     7
       Short sword       |       |    42 ||    42
       Hand axe          |       |    27 ||    27
 Cast: Sting             |    13 |     8 ||    21
       Poisonous Vapours |    20 |    50 ||    70
       Mephitic Cloud    |     1 |    13 ||    14
  Use: Scroll            |     5 |     3 ||     8
       Potion            |       |     4 ||     4
 Stab: Sleeping          |     2 |     5 ||     7
       Invisible         |       |     3 ||     3
       Confused          |       |     1 ||     1
  Eat: Ration            |       |     3 ||     3
Armor: Robe              |    10 |    12 ||    22
Dodge: Dodged            |    79 |   133 ||   212
Block: Other             |    19 |    33 ||    52
       Reflection        |     1 |     4 ||     5
